 Dungeon Crawl Stone Soup version 0.21.1-1-g345015f (webtiles) character file.

5720 shakethe the Fighter (level 10, 0/83 HPs)
             Began as a Demonspawn Fighter on Feb 21, 2018.
             Was an Elder of Okawaru.
             Slain by a wyvern (6 damage)
             ... on level 8 of the Dungeon.
             The game lasted 00:16:25 (9069 turns).

shakethe the Fighter (Demonspawn Fighter)           Turns: 9069, Time: 00:16:26

Health: 0/83       AC:  9    Str: 16    XL:     10   Next: 48%
Magic:  22/23      EV: 12    Int: 13    God:    Okawaru [****..]
Gold:   377        SH: 12    Dex: 13    Spells: 9/9 levels left

rFire    . . .     SeeInvis .   F - +2 war axe
rCold    . . .     Gourm    .   u - +0 buckler
rNeg     . . .     Faith    .   b - +0 scale mail
rPois    .         Spirit   .   r - +2 hat
rElec    .         Reflect  .   x - +0 cloak
rCorr    .         Harm     .   i - +1 pair of gloves
MR       .....                  v - +0 pair of boots
Stlth    +.........             (no amulet)
HPRegen  0.23/turn              n - ring of magical power {MP+9}
MPRegen  0.18/turn              (no ring)

@: heroism, corroded
A: large bone plates 2, powered by death 1
a: Heroism, Renounce Religion


You were on level 8 of the Dungeon.
You worshipped Okawaru.
Okawaru was greatly pleased with you.
You were hungry.

You visited 1 branch of the dungeon, and saw 9 of its levels.
You also visited: Ossuary.

You collected 447 gold pieces.
You spent 70 gold pieces at shops.

Inventory:

Hand Weapons
 F - a +2 war axe (weapon)
   (You took it off a wight on level 7 of the Dungeon)
Armour
 b - a +0 scale mail (worn)
 c - a +0 shield
 i - a +1 pair of gloves (worn)
   (You found it on level 1 of the Dungeon)
 r - a +2 hat (worn)
   (You found it on level 6 of the Dungeon)
 u - a +0 buckler (worn)
   (You found it on level 4 of the Dungeon)
 v - a +0 pair of boots (worn)
   (You found it on level 6 of the Dungeon)
 x - a +0 cloak (worn)
   (You found it on level 6 of the Dungeon)
Magical Staves
 D - an uncursed staff of earth {unknown}
   (You found it on level 7 of the Dungeon)
Jewellery
 n - a ring of magical power (left hand) {MP+9}
   (You found it on level 2 of the Dungeon)
 E - an uncursed ring of resist corrosion {unknown}
   (You found it on level 9 of the Dungeon)
 G - an uncursed ring of fire {unknown}
   (You found it on level 9 of the Dungeon)
Scrolls
 h - a scroll of teleportation
 l - a scroll of fear
 m - 2 scrolls of amnesia
 o - 3 scrolls of immolation {!r}
 p - 2 scrolls of remove curse
 t - 2 scrolls of identify
 y - a scroll of magic mapping {unknown}
 z - a scroll of fog {unknown}
 A - 4 scrolls of enchant armour
Potions
 a - a potion of cancellation {unknown}
 d - a potion of might
 e - 6 potions of curing
 g - 2 potions of haste
 j - a potion of mutation {unknown}
 k - 2 potions of lignification {unknown}
 q - a potion of ambrosia
 s - a potion of heal wounds
 w - 2 potions of brilliance {unknown}
 B - 2 potions of degeneration {unknown}
 C - 2 potions of invisibility {unknown}
Comestibles
 f - 9 rations


   Skills:
 + Level 9.1(14.1) Fighting
 + Level 8.1(13.1) Axes
 + Level 8.3(13.3) Armour
 - Level 4.0(9.0) Shields
 + Level 5.4 Invocations


You had 9 spell levels left.
You didn't know any spells.

Dungeon Overview and Level Annotations

Branches:
Dungeon (9/15)             Temple (0/1) D:4
   Lair: D:8-11         Orc: D:9-12

Altars:
Elyvilon
Nemelex Xobeh
Okawaru
Ru
Trog
Xom
Zin

Shops:
D:4 *   D:6 (

Annotations:
D:6 1 runed door


Innate Abilities, Weirdness & Mutations

You are mostly covered in large bone plates. (SH +6)
You regenerate a little health from kills.


Message History

You hit Serooblart's ghost. Serooblart's ghost hits you!
You take 13 damage, and have 63/83 hp.
You gain the combat prowess of a mighty hero.
You block Serooblart's ghost's attack.
You now have 20/22 mp.
You hit Serooblart's ghost but do no damage.
You block Serooblart's ghost's attack.
You hit Serooblart's ghost. Serooblart's ghost closely misses you.
You slash Serooblart's ghost! You hit Serooblart's ghost.
Serooblart's ghost closely misses you.
You slash Serooblart's ghost!
Serooblart's ghost hits you but does no damage.
You hit Serooblart's ghost. You block Serooblart's ghost's attack.
You slash Serooblart's ghost!
You destroy Serooblart's ghost!
Okawaru is honoured by your kill.
Your base Axes skill increases to level 8!
Your Invocations skill increases to level 5!
All of the chunks of flesh in your inventory have rotted away.
You open the door.
There is an open door here.
There is an open door here.
There is an open door here.
You now have 377 gold pieces (gained 13).
A wyvern comes into view.
You regained 7 hp, and now have 72/83 hp.
MP restored: 23 A jelly comes into view.
You feel like a meek peon again.
The jelly quivers.
You see here 2 yellow potions.
You barely miss the jelly. You block the jelly's attack.
You hit the jelly.
Your hands burn!
The jelly closely misses you.
You take 3 damage, and have 70/83 hp.
You slash the jelly! The acid corrodes you!
Your hands burn!
You block the jelly's attack.
You take 5 damage, and have 65/83 hp.
You hit the jelly. The acid corrodes you!
Your hands burn!
The jelly hits you but does no damage.
You take 3 damage, and have 62/83 hp.
You hit the jelly.
You kill the jelly!
Okawaru accepts your kill.
No target in view!
No target in view!
No target in view!
k - 2 yellow potions No target in view!
No target in view!
No target in view!
No target in view!
No target in view!
No target in view!
No target in view!
No target in view!
No target in view!
No target in view!
The wyvern hisses angrily.
The wyvern is too close now for your liking.
You completely miss the wyvern. You block the wyvern's attack.
You hit the wyvern. You block the wyvern's attack. The wyvern bites you!
You take 10 damage, and have 54/83 hp.
You closely miss the wyvern.
The wyvern bites you but does no damage.
The wyvern bites you!
You take 12 damage, and have 42/83 hp.
You are too injured to fight recklessly!
You are too injured to fight recklessly!
You are too injured to fight recklessly!
You are too injured to fight recklessly!
You are too injured to fight recklessly!
You are too injured to fight recklessly!
You are too injured to fight recklessly!
You are too injured to fight recklessly!
You are too injured to fight recklessly!
You are too injured to fight recklessly!
You are too injured to fight recklessly!
You are too injured to fight recklessly!
You are too injured to fight recklessly!
You are too injured to fight recklessly!
You are too injured to fight recklessly!
You are too injured to fight recklessly!
A wyvern is nearby!
You gain the combat prowess of a mighty hero.
You block the wyvern's attack.
You now have 21/23 mp.
You barely miss the wyvern. The wyvern barely misses you.
You slash the wyvern! You block the wyvern's attack.
The wyvern barely misses you.
You hit the wyvern but do no damage. You block the wyvern's attack.
You hit the wyvern but do no damage. The wyvern bites you!
You take 12 damage, and have 31/83 hp.
You barely miss the wyvern. The wyvern bites you!
* * * LOW HITPOINT WARNING * * *
You take 10 damage, and have 21/83 hp.
You closely miss the wyvern. You block the wyvern's attack.
You hit the wyvern. The wyvern bites you!
* * * LOW HITPOINT WARNING * * *
The wyvern bites you.
You die...

#........# #........
#........#####........
.........'............
#........#####.#######
#........#####.##
.###....#.......###########
........'..................
.###....#.....#.#######.###
.# #....#######.@# .#
#....# ##l# .# #....# ...
.# #....# ..... .# #....#
......# ## #....# .......#
#....# ........# #######..#


You could see a wyvern.

Vanquished Creatures
  The ghost of Serooblart the Fighter, a novice MiBe of Trog (D:8)
  A troll (D:9)
  Sigmund (D:5)
  Eustachio (D:5)
  6 yaks (D:9)
  Edmund (D:6)
  Duvessa (D:6)
  An orc warrior (D:6)
  2 ice beasts
  3 ogres
  3 centaurs
  A big kobold (D:9)
  A gnoll sergeant (D:9)
  5 scorpions
  17 wights
  Dowan (D:6)
  5 howler monkeys
  3 crimson imps
  3 bullfrog zombies (D:5)
  A centaur skeleton (D:8)
  5 hounds
  2 jellies
  9 orc priests
  4 orc wizards
  An iguana (D:9)
  2 bullfrog skeletons
  3 worker ants
  9 big kobold zombies (Ossuary)
  2 hound zombies
  A mummy (Ossuary)
  3 gnolls (D:9)
  A howler monkey skeleton (D:8)
  7 adders
  2 shadow imps (D:9)
  An adder zombie (D:6)
  A worm (D:6)
  5 leopard geckos
  32 orcs
  4 spectral bats (Ossuary)
  A ball python (D:1)
  7 bats
  A giant cockroach (D:4)
  3 gnoll zombies (Ossuary)
  8 goblins
  7 hobgoblins
  15 jackals
  4 quokkas
  2 bat simulacra (Ossuary)
  4 frilled lizards
  3 goblin simulacra (Ossuary)
  5 goblin zombies (Ossuary)
  5 hobgoblin zombies (Ossuary)
  A jackal skeleton (D:4)
  15 kobolds
  3 kobold simulacra (Ossuary)
  4 kobold zombies (Ossuary)
  4 orc zombies (Ossuary)
  A quokka skeleton (D:5)
  A quokka zombie (D:5)
  3 rats
  5 rat simulacra (Ossuary)
  3 spectral goblins (Ossuary)
  A spectral kobold (Ossuary)
  2 spectral rats (Ossuary)
260 creatures vanquished.

Vanquished Creatures (others)
  A giant cockroach (D:2)
1 creature vanquished.

Grand Total: 261 creatures vanquished

Notes
Turn   | Place    | Note
-------+----------+-------------------------------------------
     0 | D:1      | shakethe the Demonspawn Fighter began the quest for the Orb.
     0 | D:1      | Reached XP level 1. HP: 18/18 MP: 1/1
   184 | D:1      | Reached skill level 2 in Axes
   191 | D:1      | HP: 4/18 [jackal (2)]
   195 | D:1      | Gained mutation: You are partially covered in large bone plates. (SH +4) [demonic ancestry]
   195 | D:1      | Reached XP level 2. HP: 6/24 MP: 2/2
   198 | D:1      | HP: 5/24 [jackal (1)]
   205 | D:1      | HP: 5/24 [jackal (1)]
   629 | D:1      | Reached skill level 3 in Armour
   791 | D:2      | Found a bloodstained altar of Trog.
   958 | D:2      | Gained mutation: You are mostly covered in large bone plates. (SH +6) [demonic ancestry]
   958 | D:2      | Reached XP level 3. HP: 26/29 MP: 3/3
  1146 | D:2      | Found a white marble altar of Elyvilon.
  1955 | D:3      | Reached XP level 4. HP: 36/37 MP: 4/4
  2066 | D:3      | Reached skill level 4 in Fighting
  2066 | D:3      | Reached skill level 3 in Axes
  2078 | D:3      | Reached XP level 5. HP: 24/42 MP: 5/5
  2405 | D:3      | Found an iron altar of Okawaru.
  2424 | D:3      | Became a worshipper of Warmaster Okawaru
  2681 | D:4      | Found a staircase to the Ecumenical Temple.
  2747 | D:4      | Reached skill level 4 in Armour
  2787 | D:4      | Noticed an ogre
  3010 | D:4      | Killed an ogre
  3010 | D:4      | Reached XP level 6. HP: 49/49 MP: 6/6
  3061 | D:4      | Found Nomneebb's General Store.
  3065 | D:4      | Bought a potion of heal wounds for 70 gold pieces
  3113 | D:4      | Found a glowing silver altar of Zin.
  3626 | D:5      | Entered Level 5 of the Dungeon
  3674 | D:5      | Reached skill level 5 in Fighting
  3674 | D:5      | Reached skill level 4 in Axes
  3984 | D:5      | Reached * piety under Okawaru
  3984 | D:5      | Reached skill level 3 in Shields
  3984 | D:5      | Reached XP level 7. HP: 18/56 MP: 7/7
  4102 | D:5      | Noticed Eustachio
  4297 | D:5      | Noticed Sigmund
  4314 | D:5      | Killed Sigmund
  4314 | D:5      | Reached skill level 5 in Armour
  4697 | D:5      | Killed Eustachio
  4733 | D:5      | Gained mutation: You regenerate a little health from kills. [demonic ancestry]
  4733 | D:5      | Reached XP level 8. HP: 38/64 MP: 8/8
  4878 | D:5      | Reached skill level 4 in Shields
  4932 | D:5      | Found a shimmering altar of Xom.
  5116 | D:6      | Reached skill level 6 in Fighting
  5116 | D:6      | Reached skill level 5 in Axes
  5478 | D:6      | Reached ** piety under Okawaru
  5694 | D:6      | Found Rajueruo's Weapon Shoppe.
  5761 | D:6      | Reached skill level 6 in Armour
  5884 | D:6      | Found a sparkling altar of Nemelex Xobeh.
  6352 | D:6      | Noticed Duvessa
  6352 | D:6      | Noticed Dowan
  6372 | D:6      | Killed Dowan
  6381 | D:6      | Killed Duvessa
  6381 | D:6      | Reached skill level 7 in Fighting
  6381 | D:6      | Reached skill level 6 in Axes
  6544 | D:6      | Found a runed door.
  6595 | D:6      | Noticed Edmund
  6606 | D:6      | Killed Edmund
  6606 | D:6      | Reached XP level 9. HP: 64/72 MP: 9/9
  6808 | D:7      | Found a sand-covered staircase.
  6862 | Ossuary  | Entered an ossuary
  7454 | D:7      | Reached *** piety under Okawaru
  7465 | D:7      | Reached skill level 7 in Armour
  7537 | D:7      | Reached skill level 8 in Fighting
  7546 | D:7      | Reached skill level 7 in Axes
  7753 | D:7      | Reached skill level 1 in Invocations
  7979 | D:8      | Reached skill level 2 in Invocations
  8113 | D:8      | Noticed Serooblart's ghost (novice MiBe)
  8160 | D:9      | HP: 11/75 [orc priest/nerve-wracking pain (13)]
  8166 | D:9      | Reached skill level 3 in Invocations
  8304 | D:9      | Reached **** piety under Okawaru
  8363 | D:9      | Reached XP level 10. HP: 81/82 MP: 12/12
  8707 | D:9      | Found a sacrificial altar of Ru.
  8771 | D:9      | Reached skill level 4 in Invocations
  8774 | D:9      | Reached skill level 8 in Armour
  8786 | D:9      | Reached skill level 9 in Fighting
  9013 | D:8      | Killed Serooblart's ghost
  9013 | D:8      | Reached skill level 8 in Axes
  9013 | D:8      | Reached skill level 5 in Invocations
  9069 | D:8      | HP: 6/83 [wyvern (15)]
  9069 | D:8      | Slain by a wyvern

Skill      XL: |  1  2  3  4  5  6  7  8  9 10 |
---------------+-------------------------------+-----
Axes           | 2 3 4 6 7 8 |  8.1
Armour         | 3 4 5 6 7 8 |  8.3
Fighting       | 4 5 7 8 9 |  9.1
Shields        | 3 4 |  4.0
Invocations    | 3 5 |  5.4

Action                   |  1- 3 |  4- 6 |  7- 9 | 10-12 || total
-------------------------+-------+-------+-------+-------++-------
Melee: War axe           |   165 |   142 |   133 |   121 ||   561
       Hand axe          |       |    40 |   561 |       ||   601
Invok: Heroism           |       |       |     8 |     6 ||    14
  Use: Scroll            |       |       |    14 |       ||    14
       Potion            |       |       |       |     1 ||     1
  Eat: Chunk             |     3 |     7 |    11 |     3 ||    24
       Ration            |       |       |     1 |       ||     1
Armor: Scale mail        |    82 |    70 |   206 |    36 ||   394
Dodge: Dodged            |    37 |    45 |   183 |    46 ||   311
Block: Shield            |   153 |   134 |       |       ||   287
       Buckler           |       |    28 |   322 |    79 ||   429

Vault maps used:
D:1:      minmay_arrival_plants_in_alcoves
D:2:      nicolae_overflow_crystal_walls, elyvilon_altar_4
D:3:      cheibrodos_pilgrimage, okawaru_gym_becter, first_ration
D:4:      lemuel_round_altar, temple_fountains, serial_shops, shop
D:5:      old_standard_altar, uniq_eustachio, uniq_sigmund
D:6:      nicolae_whirlpool, overflow_temple_1_default, serial_shops,
          kennysheep_little_box, uniq_edmund, uniq_duvessa,
          uniq_crazy_yiuf_cottage
D:7:      nicolae_ossuary_entry_plus
D:8:      uniq_pikel, uniq_maurice
D:9:      lemuel_crystal_altar, lemuel_round_altar, hiddenorc1_lemuel
Ossuary:  ossuary_zaba_two_paths

Table legend:
 A = Turns spent in this place as a percentage of turns spent in the entire game.
 B = Non-inter-level travel turns spent in this place as a percentage of non-inter-level travel turns spent in the entire game.
 C = Inter-level travel turns spent in this place as a percentage of turns spent in this place.
 D = Turns resting spent in this place as a percentage of non-inter-level travel turns spent in this place.
 E = Turns spent auto-exploring this place as a percentage of non-inter-level travel turns spent in this place.
 F = Non-inter-level travel turns spent in this place divided by the number of levels of this place that you've seen.
                   A       B       C       D       E      F
               +-------+-------+-------+-------+-------+----------------------
         Total | 100.0 | 100.0 |   1.3 |  24.2 |  43.2 | 894.8
       Dungeon |  94.7 |  94.6 |   1.4 |  25.6 |  44.1 | 941.0
       Ossuary |   5.3 |   5.4 |   0.0 |   0.0 |  27.1 | 479.0
               +-------+-------+-------+-------+-------+----------------------

Table legend:
 A = Kills in this place as a percentage of kills in entire the game.
 B = Kills by you in this place as a percentage of kills by you in the entire game.
 C = Kills by friends in this place as a percentage of kills by friends in the entire game.
 D = Other kills in this place as a percentage of other kills in the entire game.
 E = Experience gained in this place as a percentage of experience gained in the entire game.
 F = Experience gained in this place divided by the number of levels of this place that you have seen.
                   A       B       C       D       E      F
               +-------+-------+-------+-------+-------+----------------------
         Total | 100.0 | 100.0 |   N/A |   N/A | 100.0 | 817.2
       Dungeon |  79.2 |  79.2 |   N/A |   N/A |  96.3 | 874.4
       Ossuary |  20.8 |  20.8 |   N/A |   N/A |   3.7 | 302.0
               +-------+-------+-------+-------+-------+----------------------
